General information
- name: BNet
- type: Ladder team game (AT/RT)
- host: Battle.net
- saver: THE-OSCARS-SUX
map: Mur'gulOasis
- players: 8
- length: 44:07
- speed: Fast
- version: 1.27 W3XP
- replay type: Public
» download(262 KB)
Players
team 1 (loser)

»
Warmonger2 (
green | 63 APM | 2281 actions | 36:11)
5 Keeper of the Grove
3 Entangling Roots
2 Thorns Aura
4 Priestess of the Moon
1 Searing Arrows
2 Trueshot Aura
1 Scout
2 Archmage
1 Brilliance Aura
1 Summon Water Elemental
» actions
| Assign group hotkey | 43 | |
| Basic commands | 126 | |
| Build / train | 89 | |
| ESC pressed | 2 | |
| Enter build submenu | 16 | |
| Enter hero's abilities submenu | 11 | |
| Right click | 996 | |
| Select / deselect | 385 | |
| Select group hotkey | 488 | |
| Use ability | 125 | |
2281 total
» units
| Wisp | 22 | |
| Archer | 14 | |
| Druid of the Talon | 6 | |
| Hippogryph | 6 | |
48 total
» upgrades
| Strength of the Moon | 3 | |
| Improved Bows | 1 | |
| Ultravision | 1 | |
| Druid of the Talon Training | 2 | |
| Marksmanship | 1 | |
| Mark of the Talon | 1 | |
| Well Spring | 1 | |
| Backpack | 1 | |
| Moon Armor | 1 | |
12 total
» buildings
| Altar of Elders | 1 | |
| Moon Well | 8 | |
| Ancient of War | 2 | |
| Ancient of Wonders | 1 | |
| Hunter's Hall | 1 | |
| Tree of Ages | 1 | |
| Ancient of Wind | 1 | |
| Tree of Eternity | 1 | |
| Tree of Life | 1 | |
17 total
» build order
00:09 Altar of Elders
00:14 Moon Well
00:41 Ancient of War
01:37 Ancient of Wonders
02:00 Moon Well
03:47 Moon Well
04:56 Hunter's Hall
05:13 Tree of Ages
07:44 Ancient of Wind
07:50 Ancient of War
08:02 Moon Well
10:29 Tree of Eternity
14:42 Moon Well
14:43 Moon Well
14:47 Moon Well
14:48 Moon Well
29:16 Tree of Life
» items
| Dust of Appearance | 2 | |
| Scroll of Town Portal | 4 | |
| Orb of Venom | 1 | |
| Potion of Healing | 1 | |
| Potion of Lesser Invulnerability | 1 | |
9 total
FreeHatLimit1 (
purple | 68 APM | 3009 actions | 44:04)
8 Archmage
3 Summon Water Elemental
3 Brilliance Aura
1 Mass Teleport
1 Blizzard
1 Mountain King
1 Storm Bolt
» actions
| Assign group hotkey | 131 | |
| Basic commands | 211 | |
| Build / train | 93 | |
| Enter build submenu | 59 | |
| Enter hero's abilities submenu | 9 | |
| Give item / drop item | 12 | |
| Right click | 1327 | |
| Select / deselect | 495 | |
| Select group hotkey | 470 | |
| Use ability | 202 | |
3009 total
» units
| Peasant | 13 | |
| Footman | 6 | |
| Gryphon Rider | 12 | |
31 total
» upgrades
| Lumber Harvesting | 2 | |
| Masonry | 3 | |
| Swords | 3 | |
| Armor | 4 | |
| Animal War Training | 1 | |
| Storm Hammers | 1 | |
| Cloud | 1 | |
15 total
» buildings
| Altar of Kings | 1 | |
| Barracks | 1 | |
| Farm | 12 | |
| Scout Tower | 38 | |
| Keep | 1 | |
| Arcane Tower | 1 | |
| Arcane Vault | 3 | |
| Lumber Mill | 2 | |
| Castle | 1 | |
| Gryphon Aviary | 4 | |
| Blacksmith | 2 | |
| Town Hall | 3 | |
| Guard Tower | 14 | |
| Arcane Sanctum | 1 | |
84 total
» build order
00:39 Altar of Kings
00:42 Barracks
00:50 Farm
00:53 Farm
01:09 Farm
01:35 Farm
02:18 Scout Tower
03:25 Keep
03:27 Arcane Tower
03:50 Arcane Vault
03:53 Lumber Mill
06:38 Castle
06:50 Scout Tower
06:50 Scout Tower
06:51 Scout Tower
06:51 Scout Tower
07:27 Gryphon Aviary
07:28 Gryphon Aviary
07:28 Gryphon Aviary
07:29 Gryphon Aviary
07:31 Blacksmith
07:34 Blacksmith
07:36 Farm
07:51 Farm
07:55 Farm
08:35 Farm
13:20 Town Hall
13:24 Scout Tower
13:24 Scout Tower
13:24 Scout Tower
13:25 Scout Tower
13:25 Scout Tower
13:26 Scout Tower
13:26 Scout Tower
13:26 Scout Tower
13:28 Arcane Vault
14:29 Guard Tower
14:32 Scout Tower
14:34 Scout Tower
14:34 Scout Tower
14:35 Scout Tower
15:12 Guard Tower
17:04 Guard Tower
17:09 Lumber Mill
17:16 Scout Tower
17:16 Scout Tower
17:16 Scout Tower
17:17 Scout Tower
18:32 Guard Tower
21:24 Town Hall
21:31 Scout Tower
21:32 Scout Tower
21:33 Scout Tower
21:33 Scout Tower
21:34 Scout Tower
21:34 Scout Tower
21:35 Scout Tower
21:35 Scout Tower
21:36 Scout Tower
21:36 Scout Tower
21:37 Scout Tower
21:38 Scout Tower
21:44 Arcane Vault
22:10 Guard Tower
22:33 Guard Tower
22:34 Guard Tower
22:34 Guard Tower
22:34 Guard Tower
23:39 Guard Tower
23:43 Scout Tower
23:44 Scout Tower
23:44 Scout Tower
23:44 Scout Tower
23:47 Scout Tower
24:17 Guard Tower
24:21 Guard Tower
24:30 Arcane Sanctum
26:40 Farm
26:41 Farm
26:41 Farm
26:42 Farm
31:48 Guard Tower
40:47 Town Hall
» items
| Scroll of Regeneration | 4 | |
| Staff of Sanctuary | 1 | |
| Mechanical Critter | 4 | |
| Scroll of Town Portal | 2 | |
| Potion of Lesser Invulnerability | 2 | |
| Staff of Teleportation | 1 | |
| Periapt of Vitality | 1 | |
| Scroll of Healing | 1 | |
| Potion of Invisibility | 1 | |
| Boots of Speed | 1 | |
18 total
Because (
teal | 53 APM | 1284 actions | 24:26)
4 Mountain King
2 Storm Bolt
2 Bash
2 Archmage
1 Brilliance Aura
1 Summon Water Elemental
» actions
| Basic commands | 8 | |
| Build / train | 72 | |
| Enter build submenu | 32 | |
| Enter hero's abilities submenu | 6 | |
| Remove unit from queue | 5 | |
| Right click | 668 | |
| Select / deselect | 429 | |
| Use ability | 64 | |
1284 total
» units
| Peasant | 9 | |
| Footman | 10 | |
| Rifleman | 3 | |
| Gryphon Rider | 9 | |
| Priest | 1 | |
| Siege Engine | 8 | |
40 total
» upgrades
| Defend | 1 | |
| Lumber Harvesting | 2 | |
| Swords | 1 | |
| Magic Sentry | 1 | |
| Storm Hammers | 1 | |
| Gunpowder | 2 | |
| Plating | 1 | |
| Barrage | 1 | |
10 total
» buildings
| Altar of Kings | 1 | |
| Farm | 10 | |
| Barracks | 1 | |
| Lumber Mill | 1 | |
| Scout Tower | 4 | |
| Arcane Tower | 1 | |
| Guard Tower | 2 | |
| Keep | 2 | |
| Blacksmith | 1 | |
| Arcane Vault | 2 | |
| Castle | 2 | |
| Gryphon Aviary | 2 | |
| Arcane Sanctum | 2 | |
| Town Hall | 1 | |
| Workshop | 3 | |
35 total
» build order
00:24 Altar of Kings
00:38 Farm
01:02 Barracks
01:09 Farm
01:46 Farm
01:51 Lumber Mill
01:54 Farm
02:12 Scout Tower
02:15 Scout Tower
02:33 Farm
02:48 Scout Tower
03:23 Scout Tower
03:24 Arcane Tower
03:26 Guard Tower
04:06 Keep
04:07 Keep
04:27 Blacksmith
04:35 Arcane Vault
04:53 Guard Tower
05:28 Farm
07:49 Arcane Vault
07:58 Castle
07:58 Castle
08:19 Gryphon Aviary
08:22 Gryphon Aviary
08:29 Arcane Sanctum
08:35 Arcane Sanctum
08:41 Farm
09:40 Farm
16:38 Farm
17:49 Farm
18:32 Town Hall
20:19 Workshop
20:24 Workshop
20:41 Workshop
» items
| Scroll of Regeneration | 1 | |
| Scroll of Town Portal | 2 | |
3 total

»
Jimme (
red | 35 APM | 1564 actions | 44:04)
5 Death Knight
3 Death Coil
2 Unholy Aura
» actions
| Basic commands | 29 | |
| Build / train | 50 | |
| Enter build submenu | 22 | |
| Enter hero's abilities submenu | 5 | |
| Give item / drop item | 1 | |
| Right click | 1063 | |
| Select / deselect | 343 | |
| Use ability | 51 | |
1564 total
» units
| Acolyte | 4 | |
| Ghoul | 7 | |
| Crypt Fiend | 5 | |
| Obsidian Statue | 4 | |
| Frost Wyrm | 6 | |
26 total
» upgrades
| Cannibalize | 1 | |
| Creature Attack | 2 | |
| Creature Carapace | 2 | |
| Web | 1 | |
| Freezing Breath | 1 | |
7 total
» buildings
| Crypt | 1 | |
| Ziggurat | 7 | |
| Altar of Darkness | 2 | |
| Tomb of Relics | 1 | |
| Nerubian Tower | 3 | |
| Graveyard | 1 | |
| Halls of the Dead | 1 | |
| Spirit Tower | 1 | |
| Black Citadel | 1 | |
| Sacrificial Pit | 1 | |
| Slaughterhouse | 2 | |
| Boneyard | 3 | |
24 total
» build order
00:16 Crypt
00:23 Ziggurat
00:57 Ziggurat
01:09 Altar of Darkness
01:33 Tomb of Relics
01:54 Nerubian Tower
01:55 Nerubian Tower
02:30 Ziggurat
02:40 Ziggurat
03:26 Nerubian Tower
04:52 Graveyard
05:08 Ziggurat
05:42 Halls of the Dead
07:09 Spirit Tower
08:13 Black Citadel
08:18 Sacrificial Pit
09:20 Slaughterhouse
09:25 Slaughterhouse
10:07 Ziggurat
10:13 Ziggurat
11:04 Boneyard
11:09 Boneyard
11:21 Boneyard
27:56 Altar of Darkness
» items
| Dust of Appearance | 1 | |
| Rod of Necromancy | 1 | |
| Potion of Healing | 2 | |
| Orb of Corruption | 1 | |
5 total
team 2 (winner)
DaJiBa (
yellow | 40 APM | 1234 actions | 30:41)
7 Paladin
2 Holy Light
3 Devotion Aura
1 Resurrection
1 Divine Shield
» actions
| Assign group hotkey | 32 | |
| Basic commands | 95 | |
| Build / train | 66 | |
| Enter build submenu | 16 | |
| Enter hero's abilities submenu | 7 | |
| Right click | 372 | |
| Select / deselect | 235 | |
| Select group hotkey | 345 | |
| Use ability | 66 | |
1234 total
» units
» upgrades
| Gunpowder | 2 | |
| Long Rifles | 1 | |
| Armor | 2 | |
| Masonry | 1 | |
6 total
» buildings
| Lumber Mill | 1 | |
| Farm | 9 | |
| Altar of Kings | 1 | |
| Scout Tower | 4 | |
| Barracks | 2 | |
| Blacksmith | 1 | |
| Guard Tower | 5 | |
| Arcane Vault | 1 | |
| Keep | 1 | |
25 total
» build order
00:22 Lumber Mill
00:36 Farm
01:13 Altar of Kings
01:52 Scout Tower
02:07 Barracks
02:19 Blacksmith
02:24 Farm
02:25 Farm
02:30 Guard Tower
03:14 Barracks
03:42 Farm
03:44 Farm
03:46 Farm
03:47 Farm
06:51 Arcane Vault
06:53 Keep
08:00 Farm
09:13 Scout Tower
09:45 Guard Tower
09:45 Guard Tower
09:56 Farm
10:46 Scout Tower
12:03 Guard Tower
12:34 Scout Tower
14:25 Guard Tower
» items
| Scroll of Regeneration | 4 | |
| Lesser Clarity Potion | 2 | |
| Scroll of Town Portal | 6 | |
| Potion of Healing | 4 | |
16 total

»
PhillyPhresh (
blue | 81 APM | 2286 actions | 28:18)
5 Blademaster
3 Wind Walk
2 Critical Strike
3 Shadow Hunter
2 Healing Wave
1 Hex
» actions
| Assign group hotkey | 11 | |
| Basic commands | 78 | |
| Build / train | 95 | |
| ESC pressed | 3 | |
| Enter build submenu | 29 | |
| Enter hero's abilities submenu | 8 | |
| Give item / drop item | 3 | |
| Remove unit from queue | 1 | |
| Right click | 1314 | |
| Select / deselect | 445 | |
| Select group hotkey | 108 | |
| Use ability | 191 | |
2286 total
» units
| Peon | 14 | |
| Grunt | 5 | |
| Shaman | 3 | |
| Troll Headhunter/Berserker | 9 | |
| Troll Batrider | 5 | |
36 total
» upgrades
| Pillage | 1 | |
| Armor | 2 | |
| Melee Weapons | 3 | |
| Berserker Strength | 1 | |
| Shaman Training | 2 | |
| Berserker Upgrade | 1 | |
| Ranged Weapons | 3 | |
13 total
» buildings
| Altar of Storms | 1 | |
| Orc Burrow | 13 | |
| Barracks | 1 | |
| Voodoo Lounge | 2 | |
| War Mill | 1 | |
| Stronghold | 2 | |
| Watch Tower | 5 | |
| Spirit Lodge | 1 | |
| Fortress | 2 | |
| Tauren Totem | 2 | |
| Beastiary | 2 | |
32 total
» build order
00:08 Altar of Storms
00:22 Orc Burrow
00:37 Barracks
01:46 Voodoo Lounge
02:01 Orc Burrow
02:24 War Mill
03:13 Stronghold
05:34 Watch Tower
05:35 Watch Tower
07:00 Orc Burrow
07:02 Spirit Lodge
08:07 Orc Burrow
09:57 Fortress
10:00 Orc Burrow
10:24 Voodoo Lounge
13:25 Tauren Totem
13:26 Tauren Totem
19:37 Orc Burrow
19:40 Orc Burrow
19:40 Orc Burrow
19:42 Orc Burrow
19:48 Orc Burrow
20:17 Beastiary
20:19 Beastiary
22:33 Orc Burrow
23:31 Orc Burrow
23:32 Orc Burrow
24:26 Watch Tower
24:26 Watch Tower
24:27 Watch Tower
» items
| Lesser Clarity Potion | 5 | |
| Healing Salve | 4 | |
| Circlet of Nobility | 2 | |
| Boots of Speed | 1 | |
| Potion of Healing | 2 | |
| Scroll of Town Portal | 2 | |
| Orb of Lightning | 1 | |
| Scroll of Speed | 1 | |
18 total
THE-OSCARS-SUX (
orange | 68 APM | 2993 actions | 44:07)
5 Blademaster
3 Wind Walk
2 Critical Strike
5 Shadow Hunter
3 Hex
2 Healing Wave
» actions
| Assign group hotkey | 40 | |
| Basic commands | 31 | |
| Build / train | 63 | |
| Enter build submenu | 35 | |
| Enter hero's abilities submenu | 10 | |
| Give item / drop item | 4 | |
| Right click | 1511 | |
| Select / deselect | 258 | |
| Select group hotkey | 890 | |
| Use ability | 151 | |
2993 total
» units
| Peon | 9 | |
| Wind Rider | 9 | |
| Troll Batrider | 3 | |
| Raider | 2 | |
| Demolisher | 1 | |
24 total
» upgrades
| Reinforced Defenses | 1 | |
| Envenomed Spears | 1 | |
| Ranged Weapons | 1 | |
| Armor | 1 | |
| Liquid Fire | 1 | |
| Ensnare | 1 | |
| Melee Weapons | 1 | |
7 total
» buildings
| Altar of Storms | 1 | |
| Orc Burrow | 6 | |
| War Mill | 1 | |
| Voodoo Lounge | 2 | |
| Watch Tower | 35 | |
| Stronghold | 1 | |
| Beastiary | 2 | |
| Fortress | 1 | |
| Barracks | 1 | |
| Great Hall | 1 | |
51 total
» build order
00:08 Altar of Storms
00:21 Orc Burrow
00:38 War Mill
01:17 Voodoo Lounge
01:51 Watch Tower
02:09 Watch Tower
02:36 Watch Tower
03:20 Stronghold
03:34 Orc Burrow
03:54 Watch Tower
04:01 Watch Tower
04:36 Orc Burrow
05:07 Orc Burrow
05:33 Watch Tower
05:34 Watch Tower
06:12 Beastiary
06:16 Beastiary
06:48 Fortress
10:39 Watch Tower
14:40 Watch Tower
14:57 Watch Tower
14:57 Watch Tower
14:57 Watch Tower
15:01 Watch Tower
15:19 Watch Tower
15:26 Orc Burrow
16:22 Watch Tower
16:22 Watch Tower
16:26 Watch Tower
16:40 Watch Tower
17:50 Watch Tower
17:50 Watch Tower
17:51 Watch Tower
17:51 Watch Tower
17:52 Watch Tower
17:52 Watch Tower
19:09 Watch Tower
19:09 Watch Tower
19:37 Watch Tower
19:55 Watch Tower
19:56 Watch Tower
19:56 Watch Tower
21:23 Watch Tower
21:23 Watch Tower
24:21 Barracks
24:23 Orc Burrow
25:30 Great Hall
25:32 Watch Tower
25:32 Watch Tower
25:33 Watch Tower
35:01 Voodoo Lounge
» items
| Healing Salve | 5 | |
| Lesser Clarity Potion | 3 | |
| Staff of Teleportation | 1 | |
| Potion of Mana | 1 | |
| Scroll of Town Portal | 2 | |
| Potion of Lesser Invulnerability | 1 | |
| Scroll of Healing | 1 | |
| Tiny Great Hall | 1 | |
15 total

»
flipkrazy (
pink | 26 APM | 729 actions | 28:11)
4 Blademaster
1 Wind Walk
2 Critical Strike
1 Mirror Image
4 Tauren Chieftain
2 Endurance Aura
2 War Stomp
» actions
| Build / train | 67 | |
| Enter build submenu | 18 | |
| Enter hero's abilities submenu | 8 | |
| Right click | 308 | |
| Select / deselect | 269 | |
| Use ability | 59 | |
729 total
» units
| Peon | 11 | |
| Grunt | 10 | |
| Tauren | 14 | |
| Shaman | 10 | |
45 total
» upgrades
| Melee Weapons | 1 | |
| Shaman Training | 2 | |
| Pulverize | 1 | |
4 total
» buildings
| Altar of Storms | 1 | |
| Orc Burrow | 7 | |
| Barracks | 1 | |
| War Mill | 1 | |
| Voodoo Lounge | 1 | |
| Stronghold | 1 | |
| Fortress | 1 | |
| Spirit Lodge | 1 | |
| Tauren Totem | 2 | |
| Watch Tower | 3 | |
19 total
» build order
00:15 Altar of Storms
00:19 Orc Burrow
01:23 Barracks
01:40 Orc Burrow
02:06 War Mill
02:41 Orc Burrow
03:40 Voodoo Lounge
04:22 Stronghold
05:09 Orc Burrow
06:19 Orc Burrow
06:58 Fortress
07:07 Spirit Lodge
08:09 Orc Burrow
09:30 Tauren Totem
09:32 Tauren Totem
12:53 Watch Tower
14:35 Watch Tower
21:32 Watch Tower
25:36 Orc Burrow
» items
| Healing Salve | 3 | |
| Potion of Healing | 2 | |
| Scroll of Town Portal | 1 | |
6 total
Chat log
(00:06 / Allies) DaJiBa: rush guys
(00:11 / Allies) THE-OSCARS-SUX: cc
(01:27 / All) Warmonger2: OHRCS
(03:15 / All) Warmonger2: bye
(03:25 / All) PhillyPhresh: nice wisps bro
(03:36 / All) Warmonger2: lol great harrass
(07:04 / Allies) THE-OSCARS-SUX: tp
(07:04 / Allies) DaJiBa: tp
(07:11 / Allies) PhillyPhresh: just run
(08:38 / Allies) THE-OSCARS-SUX: lets nuke greens keeper soon
(11:49 / All) THE-OSCARS-SUX: 2 of ur heros dead faggot
(11:56 / All) Warmonger2: you're a bad player
(12:06 / All) THE-OSCARS-SUX: u just got raped and u said im bad lawl
(12:15 / All) Warmonger2: you're incredibly bad
(12:30 / All) Warmonger2: hero focus is bad
(12:32 / All) Warmonger2: you're bad
(15:09 / Allies) THE-OSCARS-SUX: yellow meet
(15:13 / Allies) THE-OSCARS-SUX: meet top
(15:34 / All) Warmonger2: tower up bitch
(17:03 / Allies) THE-OSCARS-SUX: yelow
(17:06 / Allies) THE-OSCARS-SUX: quit bieng useless and talk
(17:27 / Allies) THE-OSCARS-SUX: damn dude
(17:35 / All) THE-OSCARS-SUX: now yellow comes
(18:02 / Allies) THE-OSCARS-SUX: HIT RED
(18:02 / Allies) THE-OSCARS-SUX: IDIOTS
(19:31 / All) Warmonger2: bye
(20:41 / All) THE-OSCARS-SUX: u arent gonna win green
(20:43 / All) THE-OSCARS-SUX: i guarantee it
(21:05 / Allies) THE-OSCARS-SUX: tp teal
(21:07 / Allies) THE-OSCARS-SUX: tp yellow
(21:09 / All) Warmonger2: fucking bad
(21:22 / All) PhillyPhresh: What are you so mad about?
(21:28 / All) Warmonger2: lol mad
(21:32 / Allies) THE-OSCARS-SUX: lets hit reen
(21:34 / All) Warmonger2: dude you're bad
(21:41 / All) Warmonger2: you think I'm mad because I told you?
(21:44 / All) THE-OSCARS-SUX: suck mah dick ngigga
(21:52 / All) PhillyPhresh: Man id wreck u 1v1 on any map
(21:57 / All) PhillyPhresh: quiet now
(21:58 / All) Warmonger2: so
(21:59 / All) Warmonger2: many
(22:00 / All) Warmonger2: bad
(22:01 / All) Warmonger2: orcs
(22:13 / All) Warmonger2: literally all of you so bad
(22:58 / All) THE-OSCARS-SUX: raped homo
(23:47 / All) THE-OSCARS-SUX: green play better nigga
(23:48 / Allies) DaJiBa: they took all the expansion
(23:50 / All) THE-OSCARS-SUX: u guys got expo
(23:54 / All) THE-OSCARS-SUX: and losin
(24:02 / All) Warmonger2: I can't make allies tp to defend
(24:06 / All) THE-OSCARS-SUX: out nigga
(24:07 / All) THE-OSCARS-SUX: out
(25:12 / All) FreeHatLimit1: want me to get 100 food
(25:19 / All) FreeHatLimit1: and wipe out your base, punk?
(26:08 / All) Warmonger2: lol
(26:17 / All) THE-OSCARS-SUX: killed yellows pally for being a bitch
(26:19 / All) Warmonger2: struggle
(26:19 / All) THE-OSCARS-SUX: faggot wont listen
(26:23 / All) Warmonger2: struggle
(26:52 / All) THE-OSCARS-SUX: u arent gonna win green
(26:54 / All) THE-OSCARS-SUX: i guarantee it
(27:03 / All) THE-OSCARS-SUX: i have "other methods" to win bitch
(27:11 / Allies) DaJiBa: 5 gold please
(27:25 / All) Warmonger2: struggle
(27:59 / All) FreeHatLimit1: rape
(28:01 / All) THE-OSCARS-SUX: out
(28:02 / All) THE-OSCARS-SUX: green
(28:03 / All) THE-OSCARS-SUX: u nigga
(28:03 / Allies) DaJiBa: need 5 gold
(28:06 / All) Warmonger2: take care buddy
(28:06 / All) THE-OSCARS-SUX: trump gonna deport ur ass
(28:17 / All) Warmonger2: bye
(28:21 / All) Warmonger2: lmao
(28:24 / All) Warmonger2: guaranteed
(28:26 / All) Warmonger2: LOL
(28:29 / All) THE-OSCARS-SUX: guaranteed
(28:33 / All) Warmonger2: take care bro
(29:53 / All) THE-OSCARS-SUX: u shall llose
(29:54 / All) THE-OSCARS-SUX: green
(29:55 / All) THE-OSCARS-SUX: guarnatee it
(29:59 / All) THE-OSCARS-SUX: i know how it is going to go too
(30:02 / All) THE-OSCARS-SUX: ur just gonna alt qq
(30:03 / All) THE-OSCARS-SUX: wont say a word
(30:04 / Allies) DaJiBa: i need 5 gold for hero
(30:59 / All) THE-OSCARS-SUX: nice mine
(31:06 / All) Warmonger2: like I need it
(31:10 / All) THE-OSCARS-SUX: u will lalw
(31:14 / All) THE-OSCARS-SUX: 100%
(31:22 / All) Warmonger2: afk
(31:26 / All) THE-OSCARS-SUX: lawl
(31:27 / All) THE-OSCARS-SUX: baby
(31:34 / All) Warmonger2: yeah
(31:35 / All) Warmonger2: I'm a baby
(31:37 / All) THE-OSCARS-SUX: out
(31:38 / All) THE-OSCARS-SUX: out
(31:40 / All) Warmonger2: I'm a faggot hero focus orc baby
(31:51 / All) THE-OSCARS-SUX: im gonna rewatch replay and confirm u wont be afk
(31:59 / All) THE-OSCARS-SUX: like always
(32:03 / All) THE-OSCARS-SUX: the babies always stay
(32:22 / All) Warmonger2: purple is a TK fag with 12k
(32:26 / All) THE-OSCARS-SUX: OUT
(32:27 / All) THE-OSCARS-SUX: OUT
(32:39 / All) Warmonger2: saying "out" like it means something
(32:40 / All) THE-OSCARS-SUX: plz gimme my free win green
(32:40 / All) FreeHatLimit1: you hit me with tanks, now you pay, green
(32:41 / All) THE-OSCARS-SUX: out
(32:42 / All) Warmonger2: lol
(32:52 / All) Warmonger2: I hit you with tanks?
(32:55 / All) THE-OSCARS-SUX: hacker down
(32:56 / All) Warmonger2: meaning...?
(32:59 / All) FreeHatLimit1: don't play coy motherfucker
(33:08 / All) Warmonger2: fuck you're a fag
(33:16 / All) FreeHatLimit1: you rotten tk motherfucker
(33:20 / All) Warmonger2: LOL
(33:25 / All) THE-OSCARS-SUX: sad green resorted to tking
(33:29 / All) Warmonger2: where did this alleged TK take place?
(33:30 / All) THE-OSCARS-SUX: he cant be me otherwise
(33:32 / All) Warmonger2: curious
(33:33 / All) FreeHatLimit1: blue's base
(33:37 / All) FreeHatLimit1: you IDIOT LIAR
(33:39 / All) FreeHatLimit1: NOW YOU PAY!
(33:42 / All) Warmonger2: LOOOOOOL
(33:47 / All) Warmonger2: ok
(33:52 / All) Warmonger2: I'm the TKer
(33:53 / All) THE-OSCARS-SUX: stay green, rage more
(34:01 / All) Warmonger2: I'm enjoying myself
(34:03 / All) Warmonger2: as is purple
(34:06 / All) Warmonger2: we're having a ball
(34:09 / All) Jimme: my money is on oscar
(34:10 / All) THE-OSCARS-SUX: sure, getting ass raped is enjoyable
(34:21 / All) Jimme: freehat is a tower noob
(34:32 / All) Warmonger2: no
(34:34 / All) Warmonger2: they're friends
(34:38 / All) Warmonger2: is what it is
(34:49 / All) FreeHatLimit1: you also didn't give me any lumber when I needed it, YOU ARE A BAD ALLY
(34:50 / All) THE-OSCARS-SUX: my team was so retarded, yellow never listened. blue was playing solo. we still raped green every fight
(34:57 / All) Jimme: well then they need to play a better game
(35:04 / All) Jimme: you had 6000 gold
(35:13 / All) Jimme: and you had the expos
(35:17 / All) Jimme: gold first noob
(35:23 / All) Warmonger2: "other methods"
(35:27 / All) Warmonger2: means
(35:30 / All) Warmonger2: they're buddies
(35:36 / All) THE-OSCARS-SUX: lawl
(35:40 / All) Jimme: and u tried to send tanks against towers as a feed
(35:42 / All) THE-OSCARS-SUX: im the gurl in the relationship
(35:43 / All) Warmonger2: I think my favorite part was the beginning of the game
(35:48 / All) Warmonger2: you towered up so tight
(35:50 / All) Warmonger2: so scared
(35:51 / All) THE-OSCARS-SUX: when u got raped by wisps?
(35:59 / All) Warmonger2: you had so many towers
(36:01 / All) THE-OSCARS-SUX: i always play like that baby
(36:07 / All) Warmonger2: and you're bad
(36:15 / All) THE-OSCARS-SUX: we have 1000s of replays to prove it, i go defensive he goes offensive
(36:18 / All) THE-OSCARS-SUX: lawl
(36:20 / All) FreeHatLimit1: red you don't deserve a win, U R A BAD ALLY
(36:23 / All) THE-OSCARS-SUX: i can tell he is not happy
(36:36 / All) FreeHatLimit1: NO LUMBER NO WIN!
(36:39 / All) FreeHatLimit1: NO LUMBER NO WIN!
(36:39 / All) Jimme: lol
(36:42 / All) FreeHatLimit1: DEATH TO LUMBER HOARDERS
(36:50 / All) THE-OSCARS-SUX: green already offline
(36:51 / All) THE-OSCARS-SUX: so mad lawl
(36:52 / All) Jimme: gold first noob
(36:57 / All) THE-OSCARS-SUX: he whispered me nvm
(37:01 / All) THE-OSCARS-SUX: 'FUCKING HACKERS"
(37:04 / All) THE-OSCARS-SUX: "UNVAILABLE NOW"
(37:15 / All) THE-OSCARS-SUX: try to whisper him
(37:16 / All) FreeHatLimit1: I don't have to share, I'm the master you're the patsy!
(37:35 / All) THE-OSCARS-SUX: i raped greens hero like 5 times and he said i suck
(38:02 / All) FreeHatLimit1: green whispered me to kill myself
(38:05 / All) FreeHatLimit1: Damn that's just cold
(38:06 / All) THE-OSCARS-SUX: lawl
(38:15 / All) FreeHatLimit1: and has me squelched
(39:32 / All) THE-OSCARS-SUX: 5 time moron
(43:43 / All) THE-OSCARS-SUX: end it wanna eat dinner nigga this was fun
(43:46 / All) THE-OSCARS-SUX: green was a prick
(43:53 / All) THE-OSCARS-SUX: mad we owned his wisps an dheroes